 Dungeon Crawl Stone Soup version 0.17.2-1-ge4368a0 (console) character file.

59 Goblin1989 the Charlatan (level 3, -5/29 HPs)
             Began as a Demonspawn Artificer on Feb 4, 2017.
             Slain by a worm (7 damage)
             ... on level 2 of the Dungeon.
             The game lasted 00:06:26 (2214 turns).

Goblin1989 the Charlatan (Demonspawn Artificer)     Turns: 2214, Time: 00:06:26

Health: -5/29      AC:  3    Str: 12    XL:     3   Next: 78%
Magic:  0/5        EV: 11    Int: 13    God:
Gold:   56         SH:  0    Dex: 13    Spells: 0 memorised, 2 levels left

rFire  . . .     SeeInvis +     h - +0 club
rCold  . . .     Clarity  .     b - +0 leather armour
rNeg   . . .     SustAt   .     (no shield)
rPois  .         Gourm    .     (no helmet)
rElec  .         Spirit   +     (no cloak)
rCorr  .         Warding  .     (no gloves)
rMut   .         Stasis   .     (no boots)
MR     .....                    (no amulet)
Stlth  +.........               (no ring)
                                s - ring of see invisible

@: not resistant to hostile enchantments, very unstealthy
A: talons 1, magic shield
a: no special abilities


You were on level 2 of the Dungeon.
You were not hungry.

You visited 1 branch of the dungeon, and saw 2 of its levels.

You collected 56 gold pieces.

Inventory:

Hand Weapons
 a - a +0 short sword
 h - a +0 club (weapon)
Armour
 b - a +0 leather armour (worn)
Jewellery
 s - a ring of see invisible (left hand)
Wands
 c - a wand of flame (13)
 f - a wand of random effects (15)
 E - a wand of enslavement (15)
Scrolls
 d - a scroll of random uselessness {unknown}
 i - a scroll of magic mapping {unknown}
Potions
 g - a potion of lignification {unknown}
 j - a potion of invisibility {unknown}
Comestibles
 e - 2 bread rations {@e1}
 k - 2 chunks of flesh


   Skills:
 - Level 3.0 Fighting
 - Level 0.8 Short Blades
 + Level 1.7 Maces & Flails
 - Level 1.7 Dodging
 - Level 0.8 Stealth
 - Level 3.0 Evocations


You had 2 spell levels left.
You didn't know any spells.

Dungeon Overview and Level Annotations

Branches:
Dungeon (2/15)

Altars:


Innate Abilities, Weirdness & Mutations

You have sharp toenails.
When hurt, damage is shared between your health and your magic reserves.


Message History

You take 3 damage, and have 26/29 hp.
You hit the adder.
The adder is severely wounded.
The goblin barely misses you. The adder barely misses you. The adder bites you.
The goblin completely misses you.
You take 2 damage, and have 24/29 hp.
You closely miss the adder. Your kick misses the adder.
The adder is severely wounded.
The adder closely misses you. The goblin closely misses you.
You hit the adder.
You kill the adder!
The goblin barely misses you.
A worm comes into view.
You barely miss the goblin. Your kick misses the goblin. The goblin hits you.
You take 1 damage, and have 24/29 hp.
You closely miss the goblin. The goblin closely misses you.
The goblin hits you. The kobold hits you with a short sword.
You take 4 damage, and have 20/29 hp.
You now have 4/5 mp.
You hit the kobold but do no damage. Your kick misses the kobold.
The kobold hits you but does no damage. The goblin hits you.
You take 3 damage, and have 17/29 hp.
You now have 3/5 mp.
You are too injured to fight recklessly!
You are too injured to fight recklessly!
You are too injured to fight recklessly!
You are too injured to fight recklessly!
You are too injured to fight recklessly!
You are too injured to fight recklessly!
You are too injured to fight recklessly!
You are too injured to fight recklessly!
You are too injured to fight recklessly!
You are too injured to fight recklessly!
You are too injured to fight recklessly!
You are too injured to fight recklessly!
You are too injured to fight recklessly!
You are too injured to fight recklessly!
You are too injured to fight recklessly!
You are too injured to fight recklessly!
You are too injured to fight recklessly!
You are too injured to fight recklessly!
You are too injured to fight recklessly!
You are too injured to fight recklessly!
You are too injured to fight recklessly!
You are too injured to fight recklessly!
You are too injured to fight recklessly!
You are too injured to fight recklessly!
You are too injured to fight recklessly!
You are too injured to fight recklessly!
You hit the kobold but do no damage. Your kick misses the kobold.
The goblin closely misses you. The kobold misses you. The goblin hits you.
You take 2 damage, and have 15/29 hp.
You closely miss the goblin. You claw the goblin.
The goblin is moderately wounded.
The goblin closely misses you.
You closely miss the goblin. Your kick misses the goblin.
The goblin is moderately wounded.
The goblin hits you but does no damage.
You closely miss the goblin.
The goblin is moderately wounded.
The goblin barely misses you. x2
You hit the goblin.
The goblin is severely wounded.
The goblin hits you but does no damage.
You closely miss the goblin. Your kick misses the goblin.
The goblin is severely wounded.
The goblin hits you.
You barely miss the goblin.
The goblin is severely wounded.
The goblin hits you.
You take 2 damage, and have 14/29 hp.
You now have 2/5 mp.
You closely miss the goblin. Your kick misses the goblin.
The goblin is severely wounded.
The goblin hits you.
* * * LOW HITPOINT WARNING * * *
You take 1 damage, and have 13/29 hp.
You hit the goblin.
You kill the goblin!
The kobold hits you but does no damage.
You closely miss the kobold. You claw the kobold, but do no damage.
The kobold hits you with a short sword.
* * * LOW HITPOINT WARNING * * *
You take 4 damage, and have 9/29 hp.
You hit the kobold.
The kobold is moderately wounded.
The kobold hits you but does no damage.
You hit the kobold.
You kill the kobold!
You hit the worm. You claw the worm, but do no damage.
The worm is lightly wounded.
The worm bites you!
* * * LOW HITPOINT WARNING * * *
You take 7 damage, and have 2/29 hp.
O_OOPS!!
MASSIVE DAMAGE!!
You now have 0/5 mp.
You barely miss the worm. Your kick misses the worm.
The worm is lightly wounded.
A bat comes into view.
You hit the worm.
The worm is moderately wounded.
The worm bites you!
You die...

█.██..............█
█...██..██████████.█
███.██..█ █ █.██..█
.. █.██..██████
█$███.██........
█...█...).....
███....██..███
█.....bw@..█
█.██...███.█ ..
█...█ .█ █ █...█
█.... ..... ██...█.
██..█. ..[...


You could see a worm and a bat.

Vanquished Creatures
  A gnoll (D:1)
  An adder (D:2)
  A giant gecko (D:1)
  5 giant cockroaches (D:1)
  5 goblins
  6 hobgoblins (D:1)
  6 kobolds
  A ball python (D:2)
  7 bats
  6 rats (D:1)
39 creatures vanquished.

Notes
Turn   | Place    | Note
--------------------------------------------------------------
     0 | D:1      | Goblin1989 the Demonspawn Artificer began the quest for the Orb.
     0 | D:1      | Reached XP level 1. HP: 15/15 MP: 3/3
   111 | D:1      | Gained mutation: You have sharp toenails. [demonic ancestry]
   111 | D:1      | Reached XP level 2. HP: 8/23 MP: 4/4
   931 | D:1      | Gained mutation: When hurt, damage is shared between your health and your magic reserves. [demonic ancestry]
   931 | D:1      | Reached XP level 3. HP: 19/29 MP: 5/5
  1711 | D:1      | Reached skill level 1 in Maces & Flails
  2214 | D:2      | Slain by a worm

Action                   || total
-------------------------++-------
Melee: Short sword       ||    69
       Club              ||   112
Evoke: Wand              ||     2
 Stab: Sleeping          ||     1
  Eat: Chunk             ||     4

Vault maps used:
D:1:      dpeg_arrival_radiant
